 Dungeon Crawl Stone Soup version 0.21.1-1-g345015f (webtiles) character file.

12793 toffzen the Martial Artist (level 11, 0/87 HPs)
             Began as a Vine Stalker Transmuter on May 24, 2018.
             Was a High Priest of Makhleb.
             Slain by an orc
             ... wielding a +0 morningstar
              (9 damage)
             ... on level 11 of the Dungeon.
             The game lasted 00:41:41 (12436 turns).

toffzen the Martial Artist (VSTm)                  Turns: 12436, Time: 00:41:45

Health: 0/87       AC:  3    Str: 18    XL:     11   Next: 98%
Magic:  0/28       EV: 16    Int: 16    God:    Makhleb [*****.]
Gold:   215        SH:  0    Dex: 15    Spells: 5/20 levels left

rFire    + . .     SeeInvis .     - Unarmed
rCold    . . .     Gourm    .   (shield currently unavailable)
rNeg     . . .     Faith    .   M - +0 robe {rF+}
rPois    .         Spirit   +   (no helmet)
rElec    .         Reflect  .   R - +0 cloak
rCorr    .         Harm     .   (gloves currently unavailable)
MR       +....                  (no boots)
Stlth    ..........             (no amulet)
HPRegen  0.64/turn              V - ring of wizardry
MPRegen  0.21/turn              t - ring of magical power

@: berserking, lethally poisoned (0 -> -14), blade hands, slowed
A: fangs 3, regeneration 1, magic shield, antimagic bite, no potion heal 3, rot
immunity
a: End Transformation, Minor Destruction, Lesser Servant of Makhleb, Major
Destruction, Greater Servant of Makhleb, Renounce Religion


You were on level 11 of the Dungeon.
You worshipped Makhleb.
Makhleb was extremely pleased with you.
You were hungry.
You had blades for hands.
You visited 1 branch of the dungeon, and saw 11 of its levels.

You collected 635 gold pieces.
You spent 420 gold pieces at shops.

Inventory:

Hand Weapons
 v - a +0 hunting sling
Missiles
 a - 92 arrows
 i - 26 poisoned needles
 k - 271 stones (quivered)
 w - 7 poisoned tomahawks
 y - 2 throwing nets
Armour
 r - a +0 pair of gloves (melded)
 M - a +0 robe of fire resistance (worn)
 R - a +0 cloak (worn)
 U - a +0 troll leather armour
Jewellery
 o - an uncursed ring of protection from magic
 p - an uncursed ring of protection from fire
 q - a +3 ring of evasion
 t - a ring of magical power (right scythe-like blade)
 x - the ring "Xagerghy" {MR+ Str+4}
   (You found it on level 9 of the Dungeon)

   [ring of strength]

   It affects your strength (+4).
   It affects your resistance to hostile enchantments.
 O - a +6 ring of protection
 S - a +3 ring of protection
 V - a ring of wizardry (left scythe-like blade)
 Y - a +5 ring of protection
Wands
 l - a wand of paralysis (15)
 L - a wand of flame (20)
 X - a wand of polymorph (36)
Scrolls
 e - a scroll of enchant armour {unknown}
 f - 2 scrolls of fear {unknown}
 g - 2 scrolls of fog {unknown}
 h - 5 scrolls of remove curse
 n - 3 scrolls of teleportation
 s - a scroll of random uselessness {unknown}
 D - 2 scrolls of blinking {unknown}
 I - a scroll of amnesia {unknown}
 J - a scroll of noise {unknown}
 Q - a scroll of acquirement {unknown}
 T - a scroll of enchant weapon {unknown}
Potions
 b - 3 potions of ambrosia {unknown}
 j - 2 potions of degeneration {unknown}
 m - 2 potions of berserk rage
 u - a potion of resistance
 z - 2 potions of invisibility {unknown}
 A - 6 potions of curing
 B - 2 potions of haste {unknown}
 C - 2 potions of lignification {unknown}
 F - 2 potions of flight {unknown}
 K - 2 potions of heal wounds {unknown}
 N - a potion of brilliance {unknown}
 Z - a potion of might {unknown}
Books
 c - a book of Changes

   Spells                             Type                      Level
   a - Beastly Appendage              Transmutation                1
   b - Sticks to Snakes               Transmutation                2
   c - Spider Form                    Transmutation/Poison         3
   d - Ice Form                       Ice/Transmutation            4
   e - Blade Hands                    Transmutation                5
 E - a book of Misfortune

   Spells                             Type                      Level
   a - Confusing Touch                Hexes                        1
   b - Confuse                        Hexes                        3
   c - Gell's Gravitas                Translocation                3
   d - Petrify                        Transmutation/Earth          4
   e - Metabolic Englaciation         Hexes/Ice                    5
   f - Yara's Violent Unravelling     Hexes/Transmutation          5
 G - a book of Air

   Spells                             Type                      Level
   a - Shock                          Conjuration/Air              1
   b - Swiftness                      Charms/Air                   2
   c - Static Discharge               Conjuration/Air              3
   d - Airstrike                      Air                          4
   e - Lightning Bolt                 Conjuration/Air              5
 H - a book of Cantrips

   Spells                             Type                      Level
   a - Confusing Touch                Hexes                        1
   b - Animate Skeleton               Necromancy                   1
   c - Summon Small Mammal            Summoning                    1
   d - Apportation                    Translocation                1
Miscellaneous
 P - a lightning rod (4/4)
Comestibles
 d - 18 rations
 W - 12 chunks of flesh


   Skills:
 + Level 7.1 Fighting
 + Level 6.3 Dodging
 * Level 11.4 Unarmed Combat
 + Level 5.0 Spellcasting
 + Level 8.9 Transmutations
 - Level 5.0 Invocations


You had 5 spell levels left.
You knew the following spells:

 Your Spells              Type           Power        Failure   Level  Hunger
a - Beastly Appendage     Tmut           ####..       4%          1    None
b - Sticks to Snakes      Tmut           ####....     4%          2    #......
c - Spider Form           Tmut/Pois      ###.......   17%         3    ###....
d - Ice Form              Ice/Tmut       ###.....     34%         4    ####...
e - Blade Hands           Tmut           ####......   21%         5    ######.


Dungeon Overview and Level Annotations

Branches:
Dungeon (11/15)            Temple (0/1) D:4             Orc (0/2) D:9
   Lair: D:8-11

Altars:
Ashenzari
Cheibriados
Gozag
Makhleb
Vehumet
Zin

Shops:
D:10 =

Annotations:
D:4 1 runed door, exclusion: door
D:6 Menkaure


Innate Abilities, Weirdness & Mutations

You have razor-sharp teeth.
Your natural rate of healing is unusually fast.
When hurt, damage is shared between your health and your magic reserves.
Your bite disrupts and absorbs the magic of your enemies.
Potions cannot restore your health.
You are immune to rotting.


Message History

* * * LOW HITPOINT WARNING * * *
You are more poisoned.
You feel as though you will be slow longer.
You can move again.
An orc wizard comes into view. It is wielding a dagger.
Unknown command.
Unknown command.
Okay, then.
Okay, then.
Okay, then.
Unknown command.
Unknown command.
A red film seems to cover your vision as you go berserk!
You feel yourself moving faster!
You feel mighty!
* * * LOW HITPOINT WARNING * * *
You feel very sick.
The orc wizard shouts!
The hornet misses you. The hornet closely misses you.
The orc hits you with a morningstar!
You die...

.. . .## .## .. ..>.
.#########.##...#
.........o......#
.........?....#
.....o.)...#...
##y##........
#.@oo........ #
#.o####≈≈#...
##.########.....≈≈≈≈...
...............≈≈≈≈≈...
#........##)#≈≈≈≈≈≈#..
#........##.#≈≈≈≈≈≈#..
#.......^##.#≈≈≈≈≈≈..
#............≈≈≈≈≈≈..
#.######.##.##≈≈≈≈≈..


You could see a hornet, an orc warrior, an orc wizard and 3 orcs.

Vanquished Creatures
  Harold (D:10)
  Erica (D:11)
  Erolcha (D:9)
  Fannar (D:10)
  A tengu warrior (D:10)
  Pikel (D:6)
  Psyche (D:9)
  A gargoyle (D:7)
  A tengu conjurer (D:10)
  The ghost of Belissa the Skirmisher, an amateur CeWr (D:6)
  3 trolls
  Prince Ribbit (D:9)
  2 hippogriffs
  Grinder (D:6)
  5 yaks (D:10)
  A wyvern (D:10)
  Eustachio (D:5)
  A steam dragon (D:11)
  2 hungry ghosts
  Edmund (D:4)
  An acid dragon (D:11)
  Purgy (D:4)
  An ice beast (D:5)
  6 orc warriors
  5 black bears
  A slave (D:6)
  8 ogres
  3 phantoms
  5 centaurs
  3 bullfrogs
  Blork the orc (D:4)
  A wyvern zombie (D:10)
  4 scorpions
  A water moccasin skeleton (D:10)
  6 killer bees (D:10)
  5 wights (D:10)
  An electric eel (D:11)
  A howler monkey (D:7)
  4 crimson imps
  A bullfrog zombie (D:8)
  4 hounds
  3 quasits
  5 jellies
  7 orc priests
  9 orc wizards
  2 bullfrog skeletons
  4 iguanas
  3 worker ants
  A hound zombie (D:6)
  2 hound skeletons
  A worker ant zombie (D:8)
  7 adders
  6 gnolls
  5 shadow imps
  2 oozes
  An adder skeleton (D:8)
  2 worms (D:2)
  A dart slug (D:3)
  4 leopard geckos
  51 orcs
  2 ball pythons
  5 bats
  5 giant cockroaches
  10 hobgoblins
  8 jackals
  5 kobolds
  3 quokkas
  5 frilled lizards
  13 goblins
  A leopard gecko zombie (D:8)
  A quokka skeleton (D:7)
  9 rats
274 creatures vanquished.

Vanquished Creatures (collateral kills)
  A gnoll (D:3)
  4 orcs (D:3)
  A hobgoblin (D:3)
  A rat (D:3)
7 creatures vanquished.

Grand Total: 281 creatures vanquished

Notes
Turn   | Place    | Note
-------+----------+-------------------------------------------
     0 | D:1      | toffzen the Vine Stalker Transmuter began the quest for the Orb.
     0 | D:1      | Reached XP level 1. HP: 9/9 MP: 4/4
     1 | D:1      | Noticed an electric eel
    45 | D:1      | Reached skill level 1 in Fighting
   274 | D:1      | Reached XP level 2. HP: 14/14 MP: 4/6
   282 | D:1      | Learned a level 2 spell: Sticks to Snakes
   727 | D:1      | Reached XP level 3. HP: 14/18 MP: 5/7
  1314 | D:2      | Reached skill level 4 in Unarmed Combat
  1460 | D:2      | Learned a level 3 spell: Spider Form
  1540 | D:2      | Found a burning altar of Makhleb.
  1553 | D:2      | Gained mutation: Your natural rate of healing is unusually fast. [Vine Stalker growth]
  1553 | D:2      | Reached XP level 4. HP: 14/23 MP: 4/8
  1566 | D:2      | Became a worshipper of Makhleb the Destroyer
  1801 | D:2      | Found a glowing silver altar of Zin.
  1802 | D:2      | Found a snail-covered altar of Cheibriados.
  1976 | D:3      | Reached XP level 5. HP: 27/27 MP: 9/9
  2085 | D:3      | Found a snail-covered altar of Cheibriados.
  2124 | D:3      | Reached skill level 5 in Unarmed Combat
  2567 | D:3      | Reached * piety under Makhleb
  2876 | D:3      | Reached XP level 6. HP: 30/32 MP: 6/10
  3246 | D:4      | Found a staircase to the Ecumenical Temple.
  3615 | D:4      | Found a shattered altar of Ashenzari.
  3775 | D:4      | Noticed Purgy
  3801 | D:4      | Killed Purgy
  3848 | D:4      | Noticed Edmund
  3870 | D:4      | Killed Edmund
  3870 | D:4      | Reached skill level 6 in Unarmed Combat
  3870 | D:4      | Reached XP level 7. HP: 30/36 MP: 10/11
  3952 | D:4      | Noticed Blork the orc
  3964 | D:4      | Killed Blork the orc
  4231 | D:4      | Found a runed door.
  4278 | D:5      | Entered Level 5 of the Dungeon
  4325 | D:5      | Noticed Eustachio
  4339 | D:5      | Killed Eustachio
  4565 | D:5      | Reached ** piety under Makhleb
  4776 | D:5      | Gained mutation: You have razor-sharp teeth. [Vine Stalker growth]
  4776 | D:5      | Reached XP level 8. HP: 42/42 MP: 12/12
  4803 | D:5      | Reached skill level 7 in Unarmed Combat
  4918 | D:6      | Noticed Belissa's ghost (amateur CeWr)
  5244 | D:6      | Noticed Menkaure
  5882 | D:6      | Reached skill level 5 in Transmutations
  6203 | D:6      | Reached skill level 1 in Invocations
  6203 | D:6      | Reached XP level 9. HP: 45/45 MP: 13/13
  6363 | D:6      | Noticed Grinder
  6376 | D:6      | Killed Grinder
  6593 | D:6      | Killed Belissa's ghost
  6885 | D:6      | Noticed Pikel
  6903 | D:6      | Killed Pikel
  6903 | D:6      | Reached skill level 8 in Unarmed Combat
  6914 | D:6      | Found an opulent altar of Gozag.
  7459 | D:7      | Reached *** piety under Makhleb
  7504 | D:7      | Reached skill level 5 in Fighting
  7537 | D:7      | Noticed a gargoyle
  7556 | D:7      | Killed a gargoyle
  7556 | D:7      | Reached XP level 10. HP: 42/51 MP: 7/14
  7802 | D:7      | Found a radiant altar of Vehumet.
  8468 | D:8      | Reached skill level 5 in Invocations
  8711 | D:8      | Reached skill level 9 in Unarmed Combat
  9602 | D:9      | Noticed Prince Ribbit
  9610 | D:9      | Killed Prince Ribbit
  9610 | D:9      | Reached skill level 5 in Dodging
  9633 | D:9      | Noticed Erolcha
  9651 | D:9      | Killed Erolcha
  9655 | D:9      | Got a fine steel ring
  9718 | D:9      | Identified the ring "Xagerghy" {MR+ Str+4} (You found it on level 9 of the Dungeon)
  9812 | D:9      | Found a staircase to the Orcish Mines.
  9937 | D:9      | Noticed Psyche
  9948 | D:9      | Killed Psyche
  9948 | D:9      | Reached skill level 10 in Unarmed Combat
 10295 | D:9      | Reached **** piety under Makhleb
 10339 | D:9      | Reached XP level 11. HP: 56/56 MP: 17/17
 10468 | D:10     | Entered Level 10 of the Dungeon
 10597 | D:10     | Found Omynlesk's Jewellery Boutique.
 10608 | D:10     | Bought an uncursed ring of wizardry for 420 gold pieces
 10615 | D:10     | Learned a level 4 spell: Ice Form
 10621 | D:10     | Learned a level 5 spell: Blade Hands
 10638 | D:10     | Noticed Harold
 10648 | D:10     | Killed Harold
 10986 | D:10     | Noticed a tengu warrior
 11470 | D:10     | Killed a tengu warrior
 11827 | D:10     | Reached skill level 11 in Unarmed Combat
 11829 | D:10     | Reached ***** piety under Makhleb
 11836 | D:10     | Noticed Fannar
 11857 | D:10     | Killed Fannar
 12141 | D:11     | Noticed Erica
 12149 | D:11     | Killed Erica
 12149 | D:11     | Reached skill level 5 in Spellcasting
 12433 | D:11     | Paralysed by a hornet for 3 turns
 12436 | D:11     | Slain by an orc

Skill      XL: |  1  2  3  4  5  6  7  8  9 10 11 |
---------------+----------------------------------+-----
Fighting       | 1 2 3 4 5 6 7 |  7.1
Unarmed Combat | 4 5 6 7 8 10 11 | 11.4
Dodging        | 2 3 4 5 6 |  6.3
Transmutations | 3 6 7 8 |  8.9
Invocations    | 1 4 5 |  5.0
Spellcasting   | 3 5 |  5.0

Action                   |  1- 3 |  4- 6 |  7- 9 | 10-12 || total
-------------------------+-------+-------+-------+-------++-------
Melee: Unarmed           |   106 |   167 |   289 |   376 ||   938
       Bite              |    23 |    35 |    63 |    37 ||   158
       Headbutt          |     6 |    13 |    11 |       ||    30
       Kick              |     1 |    13 |    29 |       ||    43
       Punch             |     1 |     4 |    16 |     5 ||    26
Throw: Stone             |     1 |       |       |       ||     1
 Cast: Beastly Appendage |    19 |    20 |    24 |       ||    63
       Sticks to Snakes  |       |    14 |    22 |    11 ||    47
       Spider Form       |       |       |    15 |    24 ||    39
       Blade Hands       |       |       |       |    16 ||    16
       Ice Form          |       |       |       |     5 ||     5
Invok: Minor Destruction |       |       |    30 |    19 ||    49
 Abil: End Transformatio |       |       |     1 |     3 ||     4
  Use: Scroll            |       |     1 |     1 |     4 ||     6
       Potion            |       |       |       |     2 ||     2
 Stab: Sleeping          |     1 |       |     1 |     2 ||     4
       Distracted        |       |       |     4 |     1 ||     5
  Eat: Chunk             |     2 |     9 |     6 |    17 ||    34
       Ration            |       |       |     3 |     3 ||     6
Armor: Robe              |     5 |       |       |    11 ||    16
       Leather armour    |    19 |    31 |    22 |     1 ||    73
       Skin              |       |       |     3 |    11 ||    14
Dodge: Dodged            |    52 |   100 |   184 |   252 ||   588
